 Dungeon Crawl Stone Soup version 0.30.1-4-g462c640d31 (webtiles) character file.

Game seed: 93530064040185828

35 Arctor the Firebug (level 3, 0/19 HPs)
             Began as a Deep Elf Fire Elementalist on Sept 15, 2023.
             Slain by Terence
             ... wielding a +0 morningstar of protection
              (9 damage)
             ... on level 2 of the Dungeon.
             The game lasted 00:02:00 (1022 turns).

Arctor the Firebug (Deep Elf Fire Elementalist)     Turns: 1022, Time: 00:02:01

Health: 0/19       AC:  7    Str:  4    XL:     3   Next: 16%
Magic:  1/9        EV: 13    Int: 25    God:
Gold:   31         SH:  0    Dex: 14    Spells: 5/8 levels left

rFire   . . .        (no weapon)
rCold   . . .        (no shield)
rNeg    . . .        a - +0 robe
rPois   .            (no helmet)
rElec   .            (no cloak)
rCorr   .            k - +2 pair of gloves
SInv    .            (no boots)
Will    .....        (no amulet)
Stlth   ++           (no ring)
HPRegen 0.23/turn    (no ring)
MPRegen 0.11/turn

%: no passive effects
@: mighty, brilliant
A: iridescent scales 1, clever 1
a: no special abilities


You were on level 2 of the Dungeon.
You visited 1 branch of the dungeon, and saw 2 of its levels.

You collected 31 gold pieces.

Inventory:

Armour
 a - a +0 robe (worn)
 k - a +2 pair of gloves (worn)
Scrolls
 g - a scroll of butterflies
 i - 2 scrolls of teleportation
Potions
 b - 2 potions of magic
 h - a potion of degeneration {unknown}
 j - a potion of lignification {unknown}


   Skills:
 + Level 2.9 Dodging
 + Level 3.0 Stealth
 + Level 3.4 Spellcasting
 + Level 1.7 Conjurations
 + Level 3.6 Fire Magic


You had 5 spell levels left.
You knew the following spells:

 Your Spells              Type           Power      Damage    Failure   Level
a - Foxfire               Conj/Fire      100%       2x1d9     3%          1
b - Scorch                Fire           66%        2d8       3%          2

Your spell library contained the following spells:

 Spells                   Type           Power      Damage    Failure   Level
 Inner Flame              Hex/Fire       20%        N/A       14%         3
 Volatile Blastmotes      Fire/Tloc      40%        2d13      14%         3
 Flame Wave               Conj/Fire      26%        2d8       32%         4


Dungeon Overview and Level Annotations

Branches:
Dungeon (2/15)

Altars:

Annotations:
D:2 Terence


Innate Abilities, Weirdness & Mutations

You are partially covered in iridescent scales. (AC +2)
Your mind is acute. (Int +4, Str/Dex -1)


Message History

Terence's fire resistance burns away.
Terence misses you.
Okay, then.
It was a potion of brilliance.
You feel clever all of a sudden. Terence closely misses you.
It was a potion of mutation.
You feel extremely strange.
You feel clever.
Iridescent scales grow over part of your body.
Terence hits you with a +0 morningstar of protection!
Ouch! That really hurt!
It was a potion of might.
You feel very mighty all of a sudden.
Terence is no longer more vulnerable to fire.
Terence closely misses you.
You hit Terence but do no damage.
Terence is lightly wounded.
Terence closely misses you.
Casting: Scorch (safe; 3% risk of failure)
Confirm with . or Enter, or press ? or * to list all spells.
You feel a surge of power!
You conjure some foxfire!
Terence misses you.
You hit Terence but do no damage.
Terence is lightly wounded.
The foxfire hits Terence but does no damage.
Terence is lightly wounded.
Terence closely misses you.
Casting: Foxfire (safe; 3% risk of failure)
Confirm with . or Enter, or press ? or * to list all spells.
You feel a surge of power!
Flames lash Terence.
Terence is moderately wounded.
Terence's fire resistance burns away.
Terence misses you.
Casting: Scorch (safe; 3% risk of failure)
Confirm with . or Enter, or press ? or * to list all spells.
You feel a surge of power!
You conjure some foxfire!
Terence closely misses you.
You barely miss Terence.
Terence is moderately wounded.
The foxfire hits Terence but does no damage.
Terence is moderately wounded.
Terence hits you with a +0 morningstar of protection!
You die...

#.......#......#.#
........#.####.#.#
#.# #...# #.#
##### #.# #.# #.#
#####.# #.@v..#
#@##### #. #. #.
#. #. ..


You could see Terence (combustible, ally target).

Vanquished Creatures
  A gnoll (D:2)
  2 bats
  2 endoplasms (D:1)
  A giant cockroach (D:1)
  3 goblins (D:1)
  3 hobgoblins
  2 jackals (D:2)
  4 kobolds (D:1)
  2 ball pythons (D:1)
  2 frilled lizards
22 creatures vanquished.

Vanquished Creatures (collateral kills)
  A foxfire (D:2)
1 creature vanquished.

Vanquished Creatures (others)
  94 foxfires
94 creatures vanquished.

Grand Total: 117 creatures vanquished

Notes
Turn   | Place    | Note
-------+----------+-------------------------------------------
     0 | D:1      | Arctor the Deep Elf Fire Elementalist began the quest for
                  | the Orb.
     0 | D:1      | Reached XP level 1. HP: 10/10 MP: 6/6
   203 | D:1      | Reached XP level 2. HP: 15/15 MP: 4/8
   559 | D:1      | Learned a level 2 spell: Scorch
   883 | D:2      | Reached XP level 3. HP: 12/19 MP: 1/9
  1010 | D:2      | Noticed Terence
  1015 | D:2      | Gained mutation: Your mind is acute. (Int +4, Str/Dex -1)
                  | [potion of mutation]
  1015 | D:2      | Gained mutation: You are partially covered in iridescent
                  | scales. (AC +2) [potion of mutation]
  1022 | D:2      | Slain by Terence

Illustrated notes

Levels and vault maps discovered:
D:1:      minmay_arrival_hallway, layout_rooms, nicolae_figureground_pulse
D:2:      layout_basic, shapermc_ecumenical_altar_rom_forum, serial_shops,
          nicolae_shop_advertising_works [nicolae_subvault_shop_adworks], shop,
          shop, minmay_misc_feat_square, cheibrodos_gnoll_hut, uniq_terence,
          uniq_sigmund

Skill      XL: |  1  2 |
---------------+-------+-----
Stealth        | 3 |  3.0
Dodging        | |  2.9
Spellcasting   | |  3.4
Conjurations   | |  1.7
Fire Magic     | |  3.6

Action                     || total
---------------------------++-------
  Melee: Unarmed           ||    10
   Cast: Foxfire           ||    56
         Scorch            ||     5
    Use: Scroll            ||     3
         Potion            ||     3
 Armour: Robe              ||    17
  Dodge: Dodged            ||    45
